 Dungeon Crawl Stone Soup version 0.31-a0-219-g8d62b2e7bb (webtiles) character file.

Game seed: 8913031205977911066

173 qw the Shooter (level 5, -2/42 HPs)
             Began as a Minotaur Hexslinger on July 3, 2023.
             Slain by a gnoll
             ... wielding a +0 club
              (5 damage)
             ... on level 3 of the Dungeon.
             The game lasted 00:01:00 (2425 turns).

qw the Shooter (Minotaur Hexslinger)                Turns: 2425, Time: 00:01:01

Health: -2/42      AC:  5    Str: 12    XL:     5   Next: 28%
Magic:  5/5        EV: 11    Int: 10    God:
Gold:   208        SH:  0    Dex: 15    Spells: 5/6 levels left

rFire   . . .        Y - +1 sling (flame)
rCold   . . .        (no shield)
rNeg    . . .        d - +0 ring mail
rPois   .            (helmet restricted)
rElec   .            (no cloak)
rCorr   .            (no gloves)
SInv    .            (no boots)
Will    .....        (no amulet)
Stlth   +            (no ring)
HPRegen 0.27/turn    (no ring)
MPRegen 0.09/turn

%: no passive effects
@: no status effects
A: horns 2, retaliatory headbutt
a: no special abilities


You were on level 3 of the Dungeon.
You visited 1 branch of the dungeon, and saw 5 of its levels.

You collected 208 gold pieces.


Innate Abilities, Weirdness & Mutations

You have a pair of horns on your head.
You reflexively headbutt those who attack you in melee.


   Skills:
 + Level 2.5 Fighting
 - Level 5.1 Ranged Weapons
 - Level 2.2 Armour
 - Level 2.1 Dodging
 - Level 1.0 Spellcasting
 - Level 2.0 Hexes


You had 5 spell levels left.
You knew the following spells:

 Your Spells              Type           Power      Damage    Failure   Level
a - Slow                  Hex            16%        N/A       32%         1

Your spell library contained the following spells:

 Spells                   Type           Power      Damage    Failure   Level
 Inner Flame              Hex/Fire       2%         N/A       83%         3
 Portal Projectile        Hex/Tloc       4%         N/A       83%         3
 Cause Fear               Hex            2%         N/A       97%         4

Inventory:

Hand Weapons
 Y - a +1 sling of flaming (weapon)
Armour
 d - a +0 ring mail (worn)
Scrolls
 a - a scroll of identify
Potions
 b - a potion of might
 e - a potion of degeneration {unknown}
 f - a potion of heal wounds {unknown}
 k - a potion of curing

Dungeon Overview and Level Annotations

Branches:
Dungeon (5/15)
 Temple: D:4-7

Altars:


Message History

The gnoll hits you but does no damage. x2
There is a stone staircase leading up, spattered with blood here.
2416 ||| STAIRDANCE The gnoll completely misses you.
The gnoll hits you with a +0 club.
The gnoll hits you from afar with a +0 spear.
You climb upwards.
There is a stone staircase leading down here.
You shoot a sling bullet.
The sling bullet hits the gnoll but does no damage.
The gnoll barely misses you. The gnoll hits you with a +0 whip.
You shoot a sling bullet. The sling bullet hits the gnoll.
The sling bullet burns the gnoll.
The gnoll is moderately wounded.
The gnoll barely misses you. The gnoll closely misses you.
You furiously retaliate!
You headbutt the gnoll! You shoot a sling bullet.
The sling bullet hits the gnoll but does no damage.
The gnoll is severely wounded.
The gnoll hits you with a +0 club. The gnoll hits you with a +0 whip.
You shoot a sling bullet.
The sling bullet closely misses the gnoll.
The gnoll hits you with a +0 club. The gnoll closely misses you. x2
The gnoll completely misses you.
You shoot a sling bullet. The sling bullet hits the gnoll.
The sling bullet burns the gnoll.
You kill the gnoll!
The gnoll hits you with a +0 club.
You shoot a sling bullet. The sling bullet hits the gnoll.
The sling bullet burns the gnoll.
The gnoll is heavily wounded.
The gnoll hits you with a +0 club.
You shoot a sling bullet.
The sling bullet hits the gnoll but does no damage.
The gnoll is heavily wounded.
The gnoll barely misses you.
You shoot a sling bullet.
The sling bullet hits the gnoll but does no damage.
The gnoll is heavily wounded.
The gnoll barely misses you. The gnoll hits you with a +0 club.
You die...

..# #.# #).#..#.##..# ..#
#.###..#..#.##..#
.!###......#..#.##..#
..#.............##..#
....#.###..#..#.##..#
....#.###..#....##..#
................[#..#
###.########..#..##.#
...............)@##.#
###.########..#.g##.#
..#.##.# #..#..##.######
..#.##.#####...[.........#
....................######
..#.##..............#
..#.##.#####..#.###.#
###.##.#####..#.# ###
###.##.#......#.#


You could see a gnoll.

Vanquished Creatures
  Natasha (D:3)
  Terence (D:2)
  3 adders
  2 gnolls (D:3)
  2 worms
  2 orcs
  6 endoplasms
  5 giant cockroaches
  8 hobgoblins
  2 jackals (D:1)
  2 quokkas
  6 ball pythons
  4 bats (D:3)
  2 frilled lizards (D:3)
  7 goblins
  10 kobolds
  5 rats
68 creatures vanquished.

Notes
Turn   | Place    | Note
-------+----------+-------------------------------------------
     0 | D:1      | qw the Minotaur Hexslinger began the quest for the Orb.
     0 | D:1      | Reached XP level 1. HP: 16/16 MP: 1/1
     0 | D:1      | 0 ||| qw: Version: 0.3-a-40-ge99b1a8
     0 | D:1      | 0 ||| qw: Game counter: 452
     0 | D:1      | 0 ||| qw: Melee chars always use a shield: true
     0 | D:1      | 0 ||| qw: God list: Okawaru
     0 | D:1      | 0 ||| qw: Allow faded altars: false
     0 | D:1      | 0 ||| qw: Do Orc after clearing Dungeon:15 true
     0 | D:1      | 0 ||| qw: Do second Lair branch before Depths: true
     0 | D:1      | 0 ||| qw: Lair rune preference: random
     0 | D:1      | 0 ||| qw: Goals: Normal
     0 | D:1      | 0 ||| PLANNING D:1-11
   109 | D:1      | Reached skill level 3 in Ranged Weapons
   128 | D:1      | Reached XP level 2. HP: 18/23 MP: 2/2
   611 | D:1      | 611 ||| UPGRADING to +0 ring mail.
   621 | D:1      | 621 ||| DROPPING +0 robe.
   622 | D:1      | 622 ||| READING 3 scrolls labelled AMES EPYNE.
   623 | D:1      | 623 ||| READING scroll labelled CEOTHO MUANE.
   624 | D:1      | 624 ||| READING scroll labelled TIMNEL XOMOGH.
   625 | D:1      | 625 ||| READING scroll labelled MAOQAHOANN.
   626 | D:1      | 626 ||| READING scroll labelled ITOUSH IGUDO.
   627 | D:1      | 627 ||| READING 2 scrolls of identify.
   627 | D:1      | 627 ||| IDENTIFYING amethyst potion
   628 | D:1      | 628 ||| DROPPING scroll of poison.
   629 | D:1      | 629 ||| DROPPING potion of invisibility.
   743 | D:2      | Reached XP level 3. HP: 17/29 MP: 3/3
   876 | D:2      | Reached skill level 4 in Ranged Weapons
   959 | D:2      | Noticed Terence
   969 | D:2      | Killed Terence
   970 | D:2      | Reached XP level 4. HP: 13/36 MP: 4/4
  1439 | D:2      | 1439 ||| READING scroll labelled ZYFFYR COIME.
  1440 | D:2      | 1440 ||| DRINKING 2 fizzy yellow potions.
  1555 | D:3      | You fall into a shaft and drop 2 floors!
  1555 | D:5      | Entered Level 5 of the Dungeon
  1581 | D:5      | Noticed a scorpion
  1582 | D:5      | 1582 ||| FLEEEEING.
  1585 | D:5      | 1585 ||| FLEEEEING.
  1586 | D:5      | 1586 ||| FLEEEEING.
  1587 | D:5      | 1587 ||| STAIRDANCE
  2036 | D:3      | Noticed Natasha
  2046 | D:3      | Killed Natasha
  2047 | D:3      | Reached skill level 5 in Ranged Weapons
  2047 | D:3      | Reached XP level 5. HP: 15/41 MP: 5/5
  2366 | D:3      | 2366 ||| READING 3 scrolls of identify.
  2366 | D:3      | 2366 ||| IDENTIFYING fizzy black potion
  2367 | D:3      | 2367 ||| READING 2 scrolls of identify.
  2367 | D:3      | 2367 ||| IDENTIFYING yellow potion
  2368 | D:3      | 2368 ||| DROPPING potion of lignification.
  2390 | D:4      | 2390 ||| STAIRDANCE
  2416 | D:4      | 2416 ||| STAIRDANCE
  2421 | D:3      | HP: 10/41 [gnoll/+0 club (3)]
  2423 | D:3      | HP: 3/42 [gnoll/+0 club (5)]
  2425 | D:3      | Slain by a gnoll

Levels and vault maps discovered:
D:1:      erik_arrival_blinker_ship, layout_basic, nrook_mini_vaults
D:2:      layout_basic, serial_curves, eino_curves_01, eino_curves_04,
          st_stairs_1, uniq_terence
D:3:      layout_basic, kennysheep_decorative_pillar, uniq_natasha
D:4:      layout_gridville, dreamdust_wishing_well, minmay_misc_feat_columns
D:5:      minmay_recursive_quarters, layout_basic, nicolae_underground_beach,
          uniq_crazy_yiuf_cottage

Skill      XL: |  1  2  3  4 |
---------------+-------------+-----
Ranged Weapons | 3 4 5 |  5.1
Fighting       | 2 |  2.5
Armour         | 2 |  2.2
Dodging        | |  2.1
Spellcasting   | |  1.0
Hexes          | |  2.0

Action                     |  1- 3 |  4- 6 || total
---------------------------+-------+-------++-------
   Fire: Sling             |   106 |   100 ||   206
    Use: Scroll            |     6 |     3 ||     9
         Potion            |       |     1 ||     1
 Armour: Ring mail         |    14 |    19 ||    33
         Robe              |     1 |       ||     1
  Dodge: Dodged            |    25 |    29 ||    54

Table legend:
 A = Non-vault XP
 B = Vault XP
 C = Vault XP percentage of total XP
 D = Non-vault monster count
 E = Vault monster count
 F = Vault count percentage of total count
                 A         B        C        D         E       F
            +---------+---------+-------+---------+---------+-------
      Total |     171 |      77 |  31.0 |      63 |       5 |   7.4
            +---------+---------+-------+---------+---------+-------
        D:1 |      26 |       0 |   0.0 |      17 |       0 |   0.0
        D:2 |      52 |      41 |  44.1 |      21 |       4 |  16.0
        D:3 |      90 |      36 |  28.6 |      24 |       1 |   4.0
        D:4 |       3 |       0 |   0.0 |       1 |       0 |   0.0
            +---------+---------+-------+---------+---------+-------
